AoeStats
← Bullsey59

Black Forest

504765754Analyzed
2v2 RM · 25d ago on Sep 6, 2026· 46m 50s· 4 players
Game mode
Random Map
Map size
Medium (4 player)
Population
200
Speed
Normal
Resources
Standard
Victory
Conquest
Starting age
Dark Age
Ending age
Imperial Age
RankedLock teamsTeams togetherTeam positionsShared explorationLock speedFull tech treeHidden civsTurbo modeCheats
Victory
Defeat
🇪🇸 Chinese · Spain
905
+16
🇩🇰 Koreans · Denmark
858
+18
🇩🇪 Bohemians · Germany
898
-44
🇩🇪 Franks · Germany
898
-44
Momo
11:39 Feudal Age
11:40 Loom
12:35 Double-Bit Axe
13:22 Horse Collar
18:51 Fletching
19:02 Padded Archer Armor
25:43 Castle Age
26:44 Leather Archer Armor
26:24 Bodkin Arrow
28:06 Bow Saw
27:58 Heavy Plow
30:13 Chemistry
29:34 Ballistics
31:31 Wagenburg Tactics
39:09 Imperial Age
45:12 Houfnice
Bullsey59
11:37 Feudal Age
17:01 Castle Age
17:01 Fletching
20:25 Double-Bit Axe
23:44 Bow Saw
24:19 Gold Mining
25:48 Wheelbarrow
25:51 Gold Shaft Mining
30:31 Hand Cart
34:47 Imperial Age
32:19 Town Watch
33:02 Loom
33:39 Husbandry
34:13 #83
33:49 Stone Mining
34:22 Caravan
37:18 Conscription
36:52 Light Cavalry
37:57 Cavalier
39:27 Forging
39:23 Scale Barding Armor
41:26 Chivalry
43:06 Iron Casting
42:52 Chain Barding Armor
43:57 Elite Throwing Axeman
44:43 Scale Mail Armor
45:45 Blast Furnace
47:21 Chain Mail Armor
God bless
11:47 Feudal Age
12:27 Horse Collar
12:34 Double-Bit Axe
22:01 Castle Age
23:49 Heavy Plow
24:00 Bow Saw
23:59 Gold Mining
24:04 Stone Mining
26:08 Fletching
26:33 Fortified Wall
26:21 Murder Holes
27:40 Stone Shaft Mining
27:42 Gold Shaft Mining
26:57 Town Watch
27:03 Loom
27:35 Bodkin Arrow
29:21 Town Patrol
30:10 Scale Barding Armor
30:17 Forging
30:42 Ballistics
30:46 Thumb Ring
35:41 Imperial Age
34:41 Squires
34:27 Gambesons
34:27 Arson
34:59 Scale Mail Armor
35:35 Iron Casting
37:06 Wheelbarrow
39:32 Conscription
40:04 Hand Cart
40:40 Elite War Wagon
41:52 Elite Fire Lancer
43:41 Caravan
48:02 Chemistry
47:41 Chain Barding Armor
Algor3301
0:28 Loom
14:33 Feudal Age
19:42 Castle Age
20:19 Double-Bit Axe
21:53 Bow Saw
30:26 Imperial Age
30:04 Gold Mining
32:16 Wheelbarrow
32:45 Two-Man Saw
34:51 Caravan
35:51 Fletching
36:28 Bodkin Arrow
36:57 Heavy Rocket Cart
38:46 Rocketry
40:41 Bracer
40:42 Padded Archer Armor
41:38 Elite Chu Ko Nu
Connection lost

Rejoining the realm…

Still unreachable

The connection could not be restored.

Session expired

The server has moved on; the page needs a fresh start.